 Dungeon Crawl Stone Soup version 0.30.0-29-ga12c61a403 (webtiles) character file.

Game seed: 12659734180489058525

14 Riddle the Charlatan (level 2, 23/23 HPs)
             Began as a Gnoll Artificer on June 5, 2023.
             Quit the game on level 1 of the Dungeon.
             The game lasted 00:00:41 (221 turns).

Riddle the Charlatan (Gnoll Artificer)               Turns: 221, Time: 00:00:41

Health: 23/23      AC:  7    Str: 11    XL:     2   Next: 45%
Magic:  2/2        EV: 12    Int: 10    God:
Gold:   9          SH:  0    Dex: 12    Spells: 1/1 levels left

rFire   . . .        a - +0 club
rCold   . . .        (no shield)
rNeg    . . .        b - +0 leather armour
rPois   .            (no helmet)
rElec   .            (no cloak)
rCorr   .            (no gloves)
SInv    .            (no boots)
Will    .....        (no amulet)
Stlth   ++           h - +4 ring of protection
HPRegen 0.23/turn    (no ring)
MPRegen 0.08/turn

%: no passive effects
@: no status effects
A: fangs 1, strong nose, distributed training
a: no special abilities


You were on level 1 of the Dungeon.
You visited 1 branch of the dungeon, and saw 1 of its levels.

You collected 9 gold pieces.

Inventory:

Hand Weapons
 a - a +0 club (weapon)
Armour
 b - a +0 leather armour (worn)
Jewellery
 h - a +4 ring of protection (left hand)
Wands
 c - a wand of flame (15) (quivered)
 d - a wand of charming (15)
 e - a wand of iceblast (5)
Scrolls
 f - a scroll of identify {unknown}
 g - a scroll of teleportation {unknown}
 i - a scroll of fog {unknown}


   Skills:
 + Level 2.5 Fighting
 + Level 0.4 Short Blades
 + Level 0.4 Long Blades
 + Level 0.4 Axes
 + Level 0.4 Maces & Flails
 + Level 0.4 Polearms
 + Level 0.4 Staves
 + Level 0.4 Ranged Weapons
 + Level 0.4 Throwing
 + Level 4.5 Armour
 + Level 2.5 Dodging
 + Level 2.2 Stealth
 + Level 0.4 Shields
 + Level 0.4 Unarmed Combat
 + Level 0.4 Spellcasting
 + Level 0.2 Conjurations
 + Level 0.2 Hexes
 + Level 0.2 Summonings
 + Level 0.2 Necromancy
 + Level 0.2 Translocations
 + Level 0.2 Transmutations
 + Level 0.2 Fire Magic
 + Level 0.2 Ice Magic
 + Level 0.2 Air Magic
 + Level 0.2 Earth Magic
 + Level 0.2 Poison Magic
 + Level 0.5 Invocations
 + Level 6.5 Evocations


You had one spell level left.
You didn't know any spells.
Your spell library was empty.

Dungeon Overview and Level Annotations

Branches:
Dungeon (1/15)

Altars:


Innate Abilities, Weirdness & Mutations

You have very sharp teeth.
Your uncanny sense of smell can sniff out nearby items.
Your experience applies equally to all skills.


Message History

The quokka closely misses you.
You miss the goblin. The quokka barely misses you.
The goblin hits you with a +0 club. The quokka barely misses you.
The goblin hits you but does no damage.
You hit the goblin but do no damage. The quokka barely misses you.
The goblin hits you but does no damage.
You hit the goblin. You bite the goblin, but do no damage.
The goblin is moderately wounded.
The quokka closely misses you. The goblin hits you but does no damage.
The quokka closely misses you.
You miss the goblin.
The goblin is moderately wounded.
The goblin hits you but does no damage. The quokka barely misses you.
You hit the goblin.
You kill the goblin!
The quokka bites you but does no damage. x2
You hit the quokka.
The quokka is heavily wounded.
The quokka misses you.
You hit the quokka.
You kill the quokka!
No target in view!
No target in view!
No target in view!
No target in view!
No target in view!
No target in view!
No target in view!
No target in view!
No target in view!
No target in view!
No target in view!
No target in view!
No target in view!
No target in view!
i - a scroll labelled JOCHUO AQUMEDA Unknown command.
Are you sure you want to abandon this character and quit the game? (Confirm with "yes".)
Okay, then.
Are you sure you want to abandon this character and quit the game? (Confirm with "yes".)

....#.##....##
...#...#......#
......#.....#..#
..#..###.†...†.#
..........##.†.####
......###.##......#
##.....#.###..##.#
#........###...# #
#.....@..........
#......#####......
#.....)†# #######.#
#.......# #
.........#
##........
##........
###...... #.......


There were no monsters in sight!

Vanquished Creatures
  A bat (D:1)
  An endoplasm (D:1)
  2 goblins (D:1)
  A kobold (D:1)
  3 quokkas (D:1)
  2 ball pythons (D:1)
  A frilled lizard (D:1)
  A rat (D:1)
12 creatures vanquished.

Notes
Turn   | Place    | Note
-------+----------+-------------------------------------------
     0 | D:1      | Riddle the Gnoll Artificer began the quest for the Orb.
     0 | D:1      | Reached XP level 1. HP: 17/17 MP: 1/1
   156 | D:1      | Reached XP level 2. HP: 23/23 MP: 2/2
   221 | D:1      | Quit the game

Illustrated notes

Levels and vault maps discovered:
D:1:      sevenhm_arrival_forest_fort_large_2, layout_rooms

Action                     || total
---------------------------++-------
  Melee: Club              ||    65
         Bite              ||     8
 Armour: Leather armour    ||    28
  Dodge: Dodged            ||    66
